 Dungeon Crawl Stone Soup version bcrawl-1.19.2-6-g6a88ae04c9 (webtiles) character file.

Game seed: 11871663968664770125

3043 Mrkan the Grappler (level 9, -7/92 HPs)
             Began as a Troll Fighter on Jan 7, 2020.
             Was a Follower of Nemelex Xobeh.
             Mangled by an orc warrior
             ... wielding a +0 halberd
              (20 damage)
             ... on level 8 of the Dungeon.
             The game lasted 00:08:32 (5696 turns).

Mrkan the Grappler (Troll Fighter)                  Turns: 5696, Time: 00:08:33

Health: -7/92      AC:  8    Str: 29    XL:     9   Next: 56%
Magic:  11/11      EV:  8    Int: 10    God:    Nemelex Xobeh [*.....]
Gold:   405        SH:  9    Dex:  9    Spells: 8/8 levels left

rFire    . . .     SeeInvis .     - Unarmed
rCold    . . .     Gourm    +   a - +0 shield
rNeg     . . .     Faith    .   (armour unavailable)
rPois    .         Spirit   .   (helmet restricted)
rElec    .         Reflect  .   (no cloak)
rCorr    .         Harm     .   (gloves unavailable)
MR       .....                  (boots unavailable)
Stlth    +.........             (no amulet)
HPRegen  0.65/turn              (no ring)
MPRegen  0.12/turn              (no ring)

@: brilliant, swift, flying, quick
A: large, almost no armour, unfitting armour, claws 3, fast metabolism 3,
gourmand, regeneration 1, AC +8
a: Draw Escape, Draw Destruction, Draw Summoning, Renounce Religion


You were on level 8 of the Dungeon.
You worshipped Nemelex Xobeh.
Nemelex Xobeh was aware of your devotion.
You were very full.

You visited 1 branch of the dungeon, and saw 8 of its levels.

You collected 405 gold pieces.

Inventory:

Missiles
 k - 63 javelins (quivered)
Armour
 a - a +0 shield (worn)
Jewellery
 b - an uncursed ring of ice {unknown}
 e - an uncursed ring of poison resistance {unknown}
 q - an uncursed amulet of the gourmand {unknown}
 x - a cursed +5 ring of strength {unknown}
Wands
 n - a wand of disintegration (23)
 r - a wand of flame (24)
 v - a wand of iceblast (9)
Scrolls
 i - 6 scrolls of remove curse {unknown}
 j - 7 scrolls of teleportation {unknown}
 o - 4 scrolls of identify {unknown}
 s - a scroll of blinking {unknown}
 u - a scroll of amnesia {unknown}
 w - a scroll of enchant weapon {unknown}
 y - 2 scrolls of fear {unknown}
 z - a scroll of brand weapon {unknown}
 C - 3 scrolls of magic mapping {unknown}
Potions
 d - a potion of brilliance
 f - a potion of flight
 g - 4 potions of mutation {unknown}
 h - 2 potions of invisibility {unknown}
 l - 2 potions of degeneration {unknown}
 m - 4 potions of curing {unknown}
 p - 3 potions of heal wounds {unknown}
 t - a potion of might
 A - 2 potions of lignification {unknown}
 B - a potion of agility
Comestibles
 c - 17 rations {!d}


   Skills:
 + Level 6.5 Fighting
 - Level 2.4 Dodging
 - Level 2.0 Shields
 * Level 10.4 Unarmed Combat
 + Level 4.4 Invocations


You had 8 spell levels left.
You didn't know any spells.
Your spell library was empty.

Dungeon Overview and Level Annotations

Branches:
Dungeon (8/12)             Temple (0/1) D:7             Orc (0/1) D:8
   Lair: D:7-9

Altars:
Ashenzari
Fedhas
Makhleb
Nemelex Xobeh
Vehumet
Wu Jian
Xom
The Shining One

Shops:
D:4 =

Annotations:
D:7 exclusion: statue


Innate Abilities, Weirdness & Mutations

You cannot wear most types of armour.
Your thick skin is tough. (AC +8)
You are too large for most types of armour.
You have claws for hands.
Your metabolism is lightning-fast.
You like to eat raw meat.
Your natural rate of healing is unusually fast.


Message History

The orc wizard shouts!
The orc shouts!
The orc wizard shouts!
The warg bites you!
* * * LOW HITPOINT WARNING * * *
The warg bites you!
* * * LOW HITPOINT WARNING * * *
A warg comes into view.
The warg moves out of view.
Found a robe.
Found 10 gold pieces.
You block the warg's attack.
It was a potion of brilliance.
You feel clever all of a sudden. The warg bites you.
* * * LOW HITPOINT WARNING * * *
It was a potion of flight.
You feel very buoyant.
You fly up into the air.
You block the warg's attack.
The orc warrior hits you from afar with a +0 halberd!!
You die...
Your body disappears without a glow.

..... .$.....
......... .........
##.......%.....)
#...............
###...............
#@ho..............
###oZ.#...........
#...##..........
######o............
.......o............
.####o#o)...........
#o..###.....)<...
#.... #..........
#...o. #.......#..


You could see a warg, an orc warrior, 2 orc wizards and a bullfrog skeleton.

Vanquished Creatures
  Pikel (D:5)
  A hippogriff (D:7)
  A steam dragon (D:7)
  A warg (D:8)
  An ice beast (D:5)
  2 sky beasts
  An ogre (D:5)
  A phantom (D:6)
  4 centaurs
  A big kobold (D:5)
  A bullfrog (D:7)
  A wyvern zombie (D:7)
  3 scorpions
  2 jellies
  6 crimson imps
  5 hounds
  5 orc priests
  A centaur skeleton (D:6)
  Jessica (D:2)
  2 orc wizards
  5 worker ants
  A hound skeleton (D:7)
  2 worker ant zombies
  6 gnolls
  8 adders
  An adder zombie (D:7)
  An ooze (D:2)
  An adder skeleton (D:6)
  3 worms
  2 leopard geckos
  20 orcs
  5 bats
  2 giant cockroaches (D:2)
  9 hobgoblins
  5 jackals
  3 quokkas
  4 frilled lizards
  10 goblins
  15 kobolds
  A leopard gecko skeleton (D:4)
  A quokka skeleton (D:5)
  4 rats
150 creatures vanquished.

Vanquished Creatures (others)
  2 slaves (D:5)
  2 orc wizards (D:5)
  3 orcs (D:5)
  A bush (D:7)
8 creatures vanquished.

Grand Total: 158 creatures vanquished

Notes
Turn   | Place    | Note
-------+----------+-------------------------------------------
     0 | D:1      | Mrkan the Troll Fighter began the quest for the Orb.
     0 | D:1      | Reached XP level 1. HP: 22/22 MP: 0/0
   541 | D:2      | Noticed a sky beast
   555 | D:2      | Reached XP level 2. HP: 21/29 MP: 1/1
   570 | D:2      | Killed a sky beast
   570 | D:2      | Reached skill level 4 in Unarmed Combat
   570 | D:2      | Reached XP level 3. HP: 6/37 MP: 2/2
   570 | D:2      | Gained mutation: Your natural rate of healing is unusually
                  | fast. [Troll growth]
   570 | D:2      | Reached XP level 4. HP: 8/45 MP: 3/3
   688 | D:2      | Found a glowing golden altar of the Shining One.
   929 | D:2      | Reached XP level 5. HP: 53/53 MP: 4/4
  1046 | D:2      | Noticed Jessica
  1061 | D:2      | Killed Jessica
  1392 | D:3      | Reached skill level 5 in Unarmed Combat
  1698 | D:3      | Reached XP level 6. HP: 55/62 MP: 5/5
  2307 | D:4      | Reached skill level 6 in Unarmed Combat
  2507 | D:4      | Found a shattered altar of Ashenzari.
  2583 | D:4      | Reached XP level 7. HP: 70/70 MP: 6/6
  2611 | D:4      | Found Redgho Oxza's Jewellery Emporium.
  2820 | D:5      | Entered Level 5 of the Dungeon
  2974 | D:5      | Found a sparkling altar of Nemelex Xobeh.
  2974 | D:5      | Noticed Pikel
  2994 | D:5      | Killed Pikel
  2994 | D:5      | Reached skill level 5 in Fighting
  2994 | D:5      | Reached skill level 8 in Unarmed Combat
  2994 | D:5      | Reached XP level 8. HP: 68/80 MP: 7/7
  2999 | D:5      | Became a worshipper of Nemelex Xobeh the Trickster
  3031 | D:5      | Received a gift from Nemelex Xobeh
  3225 | D:5      | Reached skill level 1 in Invocations
  3348 | D:5      | Found a shimmering altar of Xom.
  3832 | D:6      | Reached skill level 9 in Unarmed Combat
  4281 | D:6      | Received a gift from Nemelex Xobeh
  4307 | D:6      | Reached * piety under Nemelex Xobeh
  4329 | D:6      | Reached XP level 9. HP: 89/89 MP: 10/10
  4423 | D:6      | Found an ornate altar of the Wu Jian Council.
  4611 | D:7      | Found a staircase to the Ecumenical Temple.
  4722 | D:7      | Found a radiant altar of Vehumet.
  4787 | D:7      | Found a blossoming altar of Fedhas.
  5101 | D:7      | Found a burning altar of Makhleb.
  5138 | D:7      | Reached skill level 10 in Unarmed Combat
  5659 | D:8      | Found a staircase to the Orcish Mines.
  5696 | D:8      | Mangled by an orc warrior

Skill      XL: |  1  2  3  4  5  6  7  8  9 |
---------------+----------------------------+-----
Fighting       | 3 4 5 6 |  6.5
Unarmed Combat | 4 5 6 8 9 10 | 10.4
Invocations    | 3 4 |  4.4
Dodging        | |  2.4
Shields        | |  2.0

Action                   |  1- 3 |  4- 6 |  7- 9 || total
-------------------------+-------+-------+-------++-------
Melee: Unarmed           |    47 |   197 |   308 ||   552
 Abil: Draw Destruction  |       |       |     3 ||     3
  Use: Potion            |     1 |       |     2 ||     3
 Stab: Sleeping          |       |     1 |       ||     1
  Eat: Chunk             |     1 |    21 |    17 ||    39
Armor: Skin              |    14 |    61 |   107 ||   182
Dodge: Dodged            |    16 |    50 |    96 ||   162
Block: Shield            |    28 |    76 |   118 ||   222
